 Dungeon Crawl Stone Soup version 0.27-a0-1196-g3e9cee4cb2 (webtiles) character file.

Game seed: 16965516414146744593

2505 Zonian the Conjurer (level 9, -1/99 HPs)
             Began as a Human Conjurer on May 30, 2021.
             Was a Priest of Nemelex Xobeh.
             Slain by a hobgoblin
             ... wielding a +0 hand axe
              (2 damage)
             ... in a bailey.
             The game lasted 00:17:45 (10718 turns).

Zonian the Conjurer (Human Conjurer)               Turns: 10718, Time: 00:17:45

Health: -1/99      AC:  9    Str: 11    XL:     9   Next: 82%
Magic:  0/15       EV: 13    Int: 21    God:    Nemelex Xobeh [***...]
Gold:   361        SH:  0    Dex: 13    Spells: 11/17 levels left

rFire    . . .     SeeInvis .   j - +0 rapier (vorpal)
rCold    . . .     Faith    .   (no shield)
rNeg     + . .     Spirit   +   n - +0 leather armour
rPois    .         Reflect  .   (no helmet)
rElec    .         Harm     .   h - +2 cloak
rCorr    .         Rampage  .   e - +2 pair of gloves
Will     +....                  (no boots)
Stlth    ..........             k - amulet of guardian spirit
HPRegen  0.26/turn              m - +4 ring of slaying
MPRegen  0.14/turn              l - ring of Zoav {rN+ Will+ Str+4}

@: berserking (expiring), marked, very quick
A: no striking features
a: Renounce Religion, Draw Escape, Draw Destruction, Draw Summoning, Triple Draw


You were in a bailey.
You worshipped Nemelex Xobeh.
Nemelex Xobeh was most pleased with you.
You visited 1 branch of the dungeon, and saw 7 of its levels.
You also visited: Bailey.

You collected 361 gold pieces.

Inventory:

Hand Weapons
 b - a +0 short sword
 j - a +0 vorpal rapier (weapon)
 t - a +2 dagger of pain
Armour
 a - a +0 robe
 c - a +2 robe of willpower
 e - a +2 pair of gloves (worn)
 h - a +2 cloak (worn)
 n - a +0 leather armour (worn)
Jewellery
 k - an amulet of guardian spirit (around neck)
 l - the ring of Zoav (right hand) {rN+ Will+ Str+4}
   (You acquired it on level 4 of the Dungeon)

   [ring of positive energy]

   It affects your strength (+4).
   It protects you from negative energy.
   It increases your willpower.
 m - a +4 ring of slaying (left hand)
Wands
 p - a wand of flame (23)
Scrolls
 r - a scroll of enchant armour
 s - a scroll of silence
 u - a scroll of teleportation
Potions
 d - a potion of haste
 f - a potion of might
 g - 2 potions of heal wounds
 i - 2 potions of curing
 o - a potion of mutation
 q - a potion of ambrosia


   Skills:
 + Level 4.3 Fighting
 + Level 4.1 Short Blades
 + Level 4.8 Dodging
 + Level 5.2 Stealth
 - Level 0.4 Unarmed Combat
 + Level 4.6 Spellcasting
 + Level 6.1 Conjurations
 + Level 3.5 Earth Magic
 + Level 4.4 Invocations


You had 11 spell levels left.
You knew the following spells:

 Your Spells              Type           Power      Damage    Failure   Level
a - Magic Dart            Conj           100%       1d8       1%          1
b - Searing Ray           Conj           60%        3d5       1%          2
c - Stone Arrow           Conj/Erth      50%        3d10      6%          3

Your spell library contained the following spells:

 Spells                   Type           Power      Damage    Failure   Level
 Sandblast                Erth           38%        2d10      3%          1
 Passwall                 Tmut/Erth      10%        N/A       11%         2
 Dazzling Flash           Conj/Hex       34%        N/A       13%         3
 Beastly Appendage        Tmut           8%         N/A       16%         1
 Wereblood                Tmut           4%         N/A       22%         2
 Fulminant Prism          Conj/Hex       8%         3d7       38%         4
 Iskenderun's Mystic Bla  Conj/Tloc      17%        2d5       38%         4
 Confusing Touch          Hex            4%         N/A       41%         3
 Gell's Gravitas          Tloc           2%         N/A       41%         3
 Spider Form              Tmut/Pois      2%         N/A       41%         3
 Petrify                  Tmut/Erth      12%        N/A       56%         4
 Lee's Rapid Deconstruct  Erth           9%         3d8*      67%         5
 Ice Form                 Ice/Tmut       4%         N/A       83%         4
 Hydra Form               Tmut           2%         N/A       99%         5
 Metabolic Englaciation   Hex/Ice        2%         N/A       99%         5
 Yara's Violent Unravell  Hex/Tmut       2%         3d3       99%         5


Dungeon Overview and Level Annotations

Branches:
Dungeon (7/15)             Temple (0/1) D:7          Bailey (1/1)

Altars:
Nemelex Xobeh
Ru

Shops:
D:5 (


Message History

The orc hits you with a +0 hand axe.
* * * LOW HITPOINT WARNING * * *
The orc warrior closely misses you.
The hobgoblin hits you with a +0 hand axe!
* * * LOW HITPOINT WARNING * * *
You puncture the orc warrior!
You kill the orc warrior!
The orc warrior hits you with a +0 war axe.
* * * LOW HITPOINT WARNING * * *
The orc barely misses you.
Unknown command.
You are too berserk!
Unknown command.
You hit the orc warrior.
The orc warrior is lightly wounded.
The hobgoblin hits you but does no damage.
The orc warrior barely misses you.
You puncture the orc warrior!
The orc warrior is severely wounded.
The kobold throws a boomerang.
The boomerang hits you.
* * * LOW HITPOINT WARNING * * *
The orc hits you but does no damage.
The hobgoblin hits you with a +0 hand axe.
* * * LOW HITPOINT WARNING * * *
You barely miss the orc warrior.
The orc warrior is severely wounded.
The orc warrior hits you with a +0 war axe.
* * * LOW HITPOINT WARNING * * *
The orc barely misses you.
You puncture the orc warrior!
You kill the orc warrior!
The hobgoblin misses you.
You are too berserk!
Unknown command.
You closely miss the orc.
The kobold throws a boomerang.
The boomerang hits you but does no damage.
The orc barely misses you.
The hobgoblin hits you with a +0 hand axe.
You die...
Your body glows slightly and disappears.

### ##8##
##.o)##
#8.)@8#
##.∩g## ##'##
#∩..K≈.≈KKK∩#
#'###≈.≈###'#
.≈.≈K ##≈.≈##
K≈.≈K #≈.≈#


You could see an orc, a hobgoblin and a kobold.

Vanquished Creatures
  Prince Ribbit (D:5)
  A wyvern (D:4)
  A steam dragon (D:6)
  3 orc warriors (Bailey)
  2 ice beasts
  A sky beast (D:6)
  A necrophage (D:6)
  3 ogres
  A phantom (D:4)
  A scorpion (D:6)
  A water moccasin skeleton (D:4)
  4 wights (D:7)
  2 howler monkeys (D:7)
  2 jellies
  A centaur zombie (D:6)
  5 hounds
  2 orc priests (D:6)
  A bullfrog skeleton (D:4)
  A gnoll shaman (D:4)
  Natasha (thrice) (D:4)
  An orc wizard (D:6)
  10 gnolls
  5 adders
  2 worms
  2 dart slugs (D:1)
  14 orcs
  7 bats
  4 endoplasms
  2 giant cockroaches
  14 goblins
  4 hobgoblins
  11 jackals
  8 kobolds
  3 quokkas
  9 ball pythons
  3 frilled lizards
  5 rats
141 creatures vanquished.

Vanquished Creatures (others)
  An ufetubus (D:6)
  2 orcs (D:6)
3 creatures vanquished.

Grand Total: 144 creatures vanquished

Notes
Turn   | Place    | Note
-------+----------+-------------------------------------------
     0 | D:1      | Zonian the Human Conjurer began the quest for the Orb.
     0 | D:1      | Reached XP level 1. HP: 13/13 MP: 3/3
   494 | D:1      | Reached XP level 2. HP: 18/20 MP: 0/5
   817 | D:1      | Found a faded altar of an unknown god.
   874 | D:1      | Became a worshipper of Nemelex Xobeh the Trickster
   874 | D:1      | Reached * piety under Nemelex Xobeh
  1114 | D:1      | Reached XP level 3. HP: 25/25 MP: 1/6
  1446 | D:1      | Reached skill level 1 in Fighting
  1470 | D:1      | Learned a level 2 spell: Searing Ray
  2422 | D:2      | Reached XP level 4. HP: 32/32 MP: 2/7
  2725 | D:2      | Received a gift from Nemelex Xobeh
  3172 | D:2      | Reached skill level 1 in Invocations
  3576 | D:3      | Reached skill level 1 in Short Blades
  3837 | D:3      | Reached ** piety under Nemelex Xobeh
  3867 | D:3      | Found a sacrificial altar of Ru.
  4154 | D:3      | Reached XP level 5. HP: 37/37 MP: 4/8
  4492 | D:4      | Noticed an ogre
  4499 | D:4      | Killed an ogre
  4509 | D:4      | Reached XP level 6. HP: 17/44 MP: 1/10
  5184 | D:4      | Noticed a wyvern
  5191 | D:4      | Killed a wyvern
  5477 | D:4      | Learned a level 3 spell: Stone Arrow
  5552 | D:4      | Reached XP level 7. HP: 38/50 MP: 4/11
  6160 | D:4      | Reached skill level 1 in Earth Magic
  6253 | D:4      | Noticed Natasha
  6278 | D:4      | Identified a scroll of acquirement
  6278 | D:4      | Acquired the ring of Zoav {rN+ Will+ Str+4}
  6519 | D:4      | Killed Natasha
  6520 | D:4      | Reached skill level 5 in Conjurations
  6761 | D:5      | Entered Level 5 of the Dungeon
  6795 | D:4      | Noticed Natasha
  6817 | D:4      | Killed Natasha
  6990 | D:4      | Noticed Natasha
  7006 | D:4      | Killed Natasha
  7135 | D:5      | Reached XP level 8. HP: 57/57 MP: 13/13
  7426 | D:5      | Received a gift from Nemelex Xobeh
  7557 | D:5      | Noticed Prince Ribbit
  7563 | D:5      | Killed Prince Ribbit
  7627 | D:5      | Found Farulon's Weapon Boutique.
  8295 | D:6      | Reached XP level 9. HP: 10/64 MP: 0/15
  8836 | D:6      | Reached *** piety under Nemelex Xobeh
  9241 | D:6      | Received a gift from Nemelex Xobeh
 10344 | D:7      | Found a staircase to the Ecumenical Temple.
 10430 | D:7      | Reached skill level 5 in Stealth
 10487 | D:7      | Found a flagged portal.
 10501 | D:7      | Reached skill level 6 in Conjurations
 10519 | Bailey   | Entered a bailey
 10715 | Bailey   | HP: 3/99 [hobgoblin/+0 hand axe (3)]
 10716 | Bailey   | HP: 1/99 [orc warrior/+0 war axe (3)]
 10718 | Bailey   | Slain by a hobgoblin

Illustrated notes

Levels and vault maps discovered:
D:1:      saegor_arrival_under_anarchy, layout_basic,
          ebering_ecumenical_altar_petrified, nrook_mini_vaults
D:2:      layout_basic
D:3:      layout_basic, nicolae_ru_sacrificial_ziggurat
D:4:      layout_loops_cross, hangedman_decor_points, minmay_misc_feat_encased,
          kennysheep_donut, uniq_natasha
D:5:      layout_basic, serial_shops, nicolae_shop_statue_plus,
          uniq_prince_ribbit1
D:6:      layout_rooms, lemuel_another_geyser
D:7:      layout_loops_ring, minmay_temple_entry_offerings, enter_bailey_3
Bailey:   bailey_axe_1, bailey

Skill      XL: |  1  2  3  4  5  6  7  8  9 |
---------------+----------------------------+-----
Fighting       | 1 2 3 4 |  4.3
Invocations    | 1 2 3 4 |  4.4
Short Blades   | 1 2 3 4 |  4.1
Dodging        | 3 4 |  4.8
Stealth        | 3 4 5 |  5.2
Spellcasting   | 3 4 |  4.6
Earth Magic    | 1 2 3 |  3.5
Conjurations   | 5 6 |  6.1
Unarmed Combat | |  0.4

Action                   |  1- 3 |  4- 6 |  7- 9 || total
-------------------------+-------+-------+-------++-------
Melee: Short sword       |    48 |    26 |    25 ||    99
       Unarmed           |     9 |       |       ||     9
       Rapier            |       |       |    77 ||    77
 Cast: Magic Dart        |    63 |    69 |   114 ||   246
       Searing Ray       |       |     6 |    21 ||    27
Invok: Draw Destruction  |       |     2 |       ||     2
Evoke: Wand              |       |       |     1 ||     1
  Use: Scroll            |       |     7 |     8 ||    15
       Potion            |       |       |     1 ||     1
 Stab: Sleeping          |       |       |     4 ||     4
Armor: Robe              |    19 |    12 |     6 ||    37
       Leather armour    |       |       |    46 ||    46
Dodge: Dodged            |    54 |    25 |    98 ||   177

Table legend: (Time is in decaauts)
 A = Elapsed time spent in this place.
 B = Non-inter-level travel time spent in this place.
 C = Inter-level travel time spent in this place.
 D = Time resting spent in this place.
 E = Time spent auto-exploring this place.
 F = Levels seen in this place.
 G = Mean time per level.
                   A        B        C        D        E       F      G
               +--------+--------+--------+--------+--------+-----+--------+
         Total |  10722 |  10536 |    186 |   4723 |   4286 |   8 | 1340.2 |
       Dungeon |  10527 |  10341 |    186 |   4551 |   4286 |   7 | 1503.9 |
        Bailey |    194 |    194 |      0 |    172 |      0 |   1 |  194.0 |
               +--------+--------+--------+--------+--------+-----+--------+

Top non-repeatable levels by time:
     D:4: 2661 daAuts
     D:1: 2306 daAuts
     D:6: 2045 daAuts
     D:5: 1185 daAuts
     D:2: 1167 daAuts
     D:3: 970 daAuts
  Bailey: 194 daAuts
     D:7: 190 daAuts
